TOP OF THE 1ST |
Topeka Tornados batting - Pitching for Otsego Bulldogs : RHP Tim Hill
|
Pitching: RHP Tim Hill
|
|
Batting: RHB Desi Thompson
|
0-0: Called Strike 0-1: Foul Ball, location: 2F 0-2: Strikes out swinging
|
Batting: RHB Ed Watkins
|
0-0: Ball 1-0: Called Strike 1-1: Fly out, F9 (Line Drive, 9LD)
|
Batting: RHB Bob Hall
|
0-0: Called Strike 0-1: Ball 1-1: Ball 2-1: Fly out, F7 (Flyball, 7D)
|
Top of the 1st over - 0 run(s), 0 hit(s), 0 error(s), 0 left on base; Topeka 0 - Otsego 0 |
BOTTOM OF THE 1ST |
Otsego Bulldogs batting - Pitching for Topeka Tornados : LHP Seiichi Yamamoto
|
Pitching: LHP Seiichi Yamamoto
|
|
Batting: RHB Patrick Potts
|
0-0: Called Strike 0-1: Foul Ball, location: 2F 0-2: SINGLE (Line Drive, 4MD)
|
Batting: LHB Martin Davis
|
0-0: Ball 1-0: Ball 2-0: SINGLE (Groundball, 34) (infield hit) Patrick Potts to second
|
Batting: RHB Felipe Rodríguez
|
0-0: Ball 1-0: Foul Ball, location: 2F 1-1: Ball 2-1: Foul Ball, location: 2F 2-2: Foul Ball, location: 2F 2-2: Ball 3-2: Foul Ball, location: 2F 3-2: Foul Ball, location: 2F 3-2: Ground out 5-3 (Groundball, 56) Patrick Potts to third Martin Davis to second
|
Batting: RHB Jesús Tisnado
|
0-0: Ball 1-0: SINGLE (Flyball, 7LS) Patrick Potts scores Martin Davis to third Runner from 3rd tries for Home, SAFE, throw made home
|
Batting: RHB Jorge Cisneros
|
0-0: 2-RUN HOME RUN (Flyball, 78XD), Distance : 418 ft
|
Batting: RHB Armando Cuevas
|
0-0: Called Strike 0-1: Ground out 6-3 (Groundball, 6)
|
Batting: RHB Jim Beck
|
0-0: Called Strike 0-1: Foul Ball, location: 2F 0-2: Ball 1-2: Ground out 6-3 (Groundball, 6)
|
Bottom of the 1st over - 4 run(s), 4 hit(s), 0 error(s), 0 left on base; Topeka 0 - Otsego 4 |
TOP OF THE 2ND |
Topeka Tornados batting - Pitching for Otsego Bulldogs : RHP Tim Hill
|
Batting: LHB Yoshiaki Ohayashi
|
0-0: Called Strike 0-1: Foul Ball, location: 2F 0-2: Ball 1-2: Strikes out swinging
|
Batting: SHB Giancarlo Giannini
|
0-0: Ball 1-0: Swinging Strike 1-1: Foul Ball, location: 2F 1-2: Strikes out swinging
|
Batting: RHB Dave Henderson
|
0-0: Called Strike 0-1: Ball 1-1: Called Strike 1-2: Ball 2-2: Ball 3-2: Fly out, F6 (Popup, 56D)
|
Top of the 2nd over - 0 run(s), 0 hit(s), 0 error(s), 0 left on base; Topeka 0 - Otsego 4 |
BOTTOM OF THE 2ND |
Otsego Bulldogs batting - Pitching for Topeka Tornados : LHP Seiichi Yamamoto
|
Batting: RHB Ramiro Chávez
|
0-0: Fly out, F8 (Flyball, 8RD)
|
Batting: RHB Kyung-bok Cho
|
0-0: Called Strike 0-1: Ball 1-1: Foul Ball, location: 2F 1-2: Strikes out swinging
|
Batting: RHB Patrick Potts
|
0-0: Called Strike 0-1: Ball 1-1: Foul Ball, location: 2F 1-2: Strikes out swinging
|
Bottom of the 2nd over - 0 run(s), 0 hit(s), 0 error(s), 0 left on base; Topeka 0 - Otsego 4 |
TOP OF THE 3RD |
Topeka Tornados batting - Pitching for Otsego Bulldogs : RHP Tim Hill
|
Batting: RHB Alberto Campos
|
0-0: Ball 1-0: Swinging Strike 1-1: Swinging Strike 1-2: Fly out, F5 (Popup, 5L)
|
Batting: RHB Gabriel Santana
|
0-0: Swinging Strike 0-1: Ball 1-1: Ball 2-1: Foul Ball, location: 2F 2-2: Strikes out swinging
|
Batting: LHB Rusty Clinton
|
0-0: Ball 1-0: Ground out 4-3 (Groundball, 4)
|
Top of the 3rd over - 0 run(s), 0 hit(s), 0 error(s), 0 left on base; Topeka 0 - Otsego 4 |
BOTTOM OF THE 3RD |
Otsego Bulldogs batting - Pitching for Topeka Tornados : LHP Seiichi Yamamoto
|
Batting: LHB Martin Davis
|
0-0: Foul Ball, location: 2F 0-1: Swinging Strike 0-2: Foul Ball, location: 2F 0-2: Fly out, F8 (Flyball, 89S)
|
Batting: RHB Felipe Rodríguez
|
0-0: Ball 1-0: Foul Ball, location: 2F 1-1: Swinging Strike 1-2: Foul Ball, location: 2F 1-2: Strikes out swinging
|
Batting: RHB Jesús Tisnado
|
0-0: Called Strike 0-1: Ground out 5-3 (Groundball, 56)
|
Bottom of the 3rd over - 0 run(s), 0 hit(s), 0 error(s), 0 left on base; Topeka 0 - Otsego 4 |
TOP OF THE 4TH |
Topeka Tornados batting - Pitching for Otsego Bulldogs : RHP Tim Hill
|
Batting: RHB Desi Thompson
|
0-0: Ball 1-0: Called Strike 1-1: Foul Ball, location: 2F 1-2: Ball 2-2: Strikes out swinging
|
Batting: RHB Ed Watkins
|
0-0: Foul Ball, location: 2F 0-1: Ball 1-1: Ground out 5-3 (Groundball, 5L)
|
Batting: RHB Bob Hall
|
0-0: Ball 1-0: Fly out, F9 (Line Drive, 9)
|
Top of the 4th over - 0 run(s), 0 hit(s), 0 error(s), 0 left on base; Topeka 0 - Otsego 4 |
BOTTOM OF THE 4TH |
Otsego Bulldogs batting - Pitching for Topeka Tornados : LHP Seiichi Yamamoto
|
Batting: RHB Jorge Cisneros
|
0-0: Swinging Strike 0-1: Swinging Strike 0-2: Strikes out swinging
|
Batting: RHB Armando Cuevas
|
0-0: SINGLE (Groundball, 4MD)
|
Batting: RHB Jim Beck
|
0-0: Ball 1-0: SINGLE (Line Drive, 8LS) Armando Cuevas to second
|
Batting: RHB Ramiro Chávez
|
0-0: Foul Ball, location: 2F 0-1: Ball 1-1: Ball 2-1: Foul Ball, location: 2F 2-2: Foul Ball, location: 2F 2-2: Strikes out swinging
|
Batting: RHB Kyung-bok Cho
|
0-0: Fly out, F8 (Flyball, 8RS)
|
Bottom of the 4th over - 0 run(s), 2 hit(s), 0 error(s), 2 left on base; Topeka 0 - Otsego 4 |
TOP OF THE 5TH |
Topeka Tornados batting - Pitching for Otsego Bulldogs : RHP Tim Hill
|
Batting: LHB Yoshiaki Ohayashi
|
0-0: Ball 1-0: Ball 2-0: Called Strike 2-1: Ball 3-1: Base on Balls
|
Batting: SHB Giancarlo Giannini
|
0-0: Called Strike 0-1: Ball Wild Pitch! Yoshiaki Ohayashi to second 1-1: Ball 2-1: Ball 3-1: Foul Ball, location: 2F 3-2: Foul Ball, location: 2F 3-2: Strikes out swinging
|
Batting: RHB Dave Henderson
|
0-0: SINGLE (Line Drive, 78S) Yoshiaki Ohayashi to third Runner from 3rd tries for Home, SAFE, no throw
|
Batting: RHB Alberto Campos
|
0-0: Called Strike 0-1: Fly out, F9 (Flyball, 9LS)
|
Batting: RHB Gabriel Santana
|
0-0: Ball 1-0: Called Strike 1-1: Ball 2-1: Ball 3-1: Base on Balls Dave Henderson to second
|
Batting: LHB Rusty Clinton
|
0-0: Fielders Choice at 2nd, 4-6 (Groundball, 4)
|
Top of the 5th over - 1 run(s), 1 hit(s), 0 error(s), 1 left on base; Topeka 1 - Otsego 4 |
BOTTOM OF THE 5TH |
Otsego Bulldogs batting - Pitching for Topeka Tornados : LHP Seiichi Yamamoto
|
Batting: RHB Patrick Potts
|
0-0: Ball 1-0: Fly out, F3 (Line Drive, 34)
|
Batting: LHB Martin Davis
|
0-0: Ball 1-0: Called Strike 1-1: Foul Ball, location: 2F 1-2: Ground out U3 (Groundball, 3)
|
Batting: RHB Felipe Rodríguez
|
0-0: Foul Ball, location: 2F 0-1: Ball 1-1: Fly out, F9 (Flyball, 9)
|
Bottom of the 5th over - 0 run(s), 0 hit(s), 0 error(s), 0 left on base; Topeka 1 - Otsego 4 |
TOP OF THE 6TH |
Topeka Tornados batting - Pitching for Otsego Bulldogs : RHP Tim Hill
|
Batting: RHB Desi Thompson
|
0-0: Called Strike 0-1: Called Strike 0-2: Ball 1-2: Ball 2-2: Strikes out swinging
|
Batting: RHB Ed Watkins
|
0-0: Ball 1-0: Ground out 4-3 (Groundball, 4M)
|
Batting: RHB Bob Hall
|
0-0: Ball 1-0: SINGLE (Flyball, 8LS)
|
Batting: LHB Yoshiaki Ohayashi
|
0-0: Ball 1-0: Ball 2-0: Called Strike 2-1: Ball 3-1: Base on Balls Bob Hall to second
|
Batting: SHB Giancarlo Giannini
|
0-0: Fielders Choice at 2nd, 4-6 (Groundball, 34D)
|
Top of the 6th over - 0 run(s), 1 hit(s), 0 error(s), 1 left on base; Topeka 1 - Otsego 4 |
BOTTOM OF THE 6TH |
Otsego Bulldogs batting - Pitching for Topeka Tornados : LHP Seiichi Yamamoto
|
Batting: RHB Jesús Tisnado
|
0-0: Ball 1-0: Ball 2-0: Ball 3-0: Called Strike 3-1: Foul Ball, location: 2F 3-2: Strikes out swinging
|
Batting: RHB Jorge Cisneros
|
0-0: Called Strike 0-1: Foul Ball, location: 2F 0-2: Foul Ball, location: 2F 0-2: Ground out 4-3 (Groundball, 34)
|
Batting: RHB Armando Cuevas
|
0-0: Swinging Strike 0-1: Ball 1-1: Ball 2-1: Foul Ball, location: 2F 2-2: Foul Ball, location: 2F 2-2: Fly out, F7 (Flyball, 7LS)
|
Bottom of the 6th over - 0 run(s), 0 hit(s), 0 error(s), 0 left on base; Topeka 1 - Otsego 4 |
TOP OF THE 7TH |
Topeka Tornados batting - Pitching for Otsego Bulldogs : RHP Tim Hill
|
Batting: RHB Dave Henderson
|
0-0: Called Strike 0-1: Foul Ball, location: 2F 0-2: Foul Ball, location: 2F 0-2: Foul Ball, location: 2F 0-2: Foul Ball, location: 2F 0-2: Ball 1-2: Ground out 5-3 (Groundball, 56)
|
Pitching: RHP Ricardo Trujillo
|
|
Batting: RHB Alberto Campos
|
0-0: DOUBLE (Groundball, 5L)
|
Batting: RHB Gabriel Santana
|
0-0: Ball 1-0: Called Strike 1-1: Ball 2-1: Ball 3-1: Base on Balls
|
Pitching: LHP Mario Solíz
|
|
Batting: LHB Rusty Clinton
|
0-0: Ball 1-0: Called Strike 1-1: Ball 2-1: Ball 3-1: Called Strike 3-2: Foul Ball, location: 2F 3-2: Strikes out swinging
|
Pitching: RHP Dave Johnston
|
|
Batting: RHB Desi Thompson
|
0-0: Swinging Strike 0-1: Swinging Strike 0-2: Ball 1-2: Ball 2-2: Foul Ball, location: 2F 2-2: Foul Ball, location: 2F 2-2: SINGLE (Groundball, 6MD) Alberto Campos to third Gabriel Santana to second Runner from 3rd tries for Home, SAFE, no throw
|
Batting: RHB Ed Watkins
|
0-0: Swinging Strike 0-1: Ball 1-1: Fly out, F5 (Popup, 5S)
|
Top of the 7th over - 1 run(s), 2 hit(s), 0 error(s), 2 left on base; Topeka 2 - Otsego 4 |
BOTTOM OF THE 7TH |
Otsego Bulldogs batting - Pitching for Topeka Tornados : LHP Seiichi Yamamoto
|
Batting: RHB Jim Beck
|
0-0: SINGLE (Line Drive, 78S)
|
Batting: RHB Ramiro Chávez
|
0-0: Ball 1-0: Ball 2-0: Ball 3-0: Called Strike 3-1: Called Strike 3-2: Foul Ball, location: 2F 3-2: Strikes out swinging
|
Batting: RHB Kyung-bok Cho
|
0-0: Ball 1-0: Ball 2-0: Ball 3-0: Base on Balls Jim Beck to second
|
Batting: RHB Patrick Potts
|
0-0: Foul Ball, location: 2F 0-1: Ball 1-1: Foul Ball, location: 2F 1-2: Foul Ball, location: 2F 1-2: Foul Ball, location: 2F 1-2: Strikes out swinging
|
Pitching: LHP John Livingston
|
|
Pinch Hitting: RHB Luis Antonio Velásquez
|
0-0: SINGLE (Groundball, 34D) Jim Beck to third Kyung-bok Cho to second Runner from 3rd tries for Home, SAFE, throw made at trailing runner, OUT at third!
|
Bottom of the 7th over - 1 run(s), 2 hit(s), 0 error(s), 1 left on base; Topeka 2 - Otsego 5 |
TOP OF THE 8TH |
Topeka Tornados batting - Pitching for Otsego Bulldogs : RHP Dave Johnston
|
Now in RF: Manuel Ortega
|
|
Batting: RHB Bob Hall
|
0-0: Swinging Strike 0-1: Foul Ball, location: 2F 0-2: Ball 1-2: Foul Ball, location: 2F 1-2: Strikes out looking
|
Batting: LHB Yoshiaki Ohayashi
|
0-0: Ball 1-0: Ball 2-0: Called Strike 2-1: Swinging Strike 2-2: Foul Ball, location: 2F 2-2: SINGLE (Groundball, 56D)
|
Pitching: RHP Matthew Scott
|
|
Batting: SHB Giancarlo Giannini
|
0-0: Swinging Strike 0-1: Ball 1-1: Called Strike 1-2: Foul Ball, location: 2F 1-2: Ball 2-2: Ball 3-2: Foul Ball, location: 2F 3-2: SINGLE (Line Drive, 4) Yoshiaki Ohayashi to second
|
Batting: RHB Dave Henderson
|
0-0: Swinging Strike 0-1: Fly out, F9 (Line Drive, 9S)
|
Batting: RHB Alberto Campos
|
0-0: Ball 1-0: SINGLE (Line Drive, 89S) Yoshiaki Ohayashi to third Giancarlo Giannini to second Runner from 3rd tries for Home, SAFE, no throw
|
Batting: RHB Gabriel Santana
|
0-0: Ground out 1-3 (Groundball, 13S)
|
Top of the 8th over - 1 run(s), 3 hit(s), 0 error(s), 2 left on base; Topeka 3 - Otsego 5 |
BOTTOM OF THE 8TH |
Otsego Bulldogs batting - Pitching for Topeka Tornados : LHP John Livingston
|
Batting: RHB Felipe Rodríguez
|
0-0: Called Strike 0-1: Foul Ball, location: 2F 0-2: Ball 1-2: Ball 2-2: Foul Ball, location: 2F 2-2: Ball 3-2: Fly out, F4 (Popup, 4S)
|
Batting: RHB Jesús Tisnado
|
0-0: Ball 1-0: Foul Ball, location: 2F 1-1: Foul Ball, location: 2F 1-2: Strikes out looking
|
Batting: RHB Jorge Cisneros
|
0-0: Foul Ball, location: 2F 0-1: Ground out 6-3 (Groundball, 6)
|
Bottom of the 8th over - 0 run(s), 0 hit(s), 0 error(s), 0 left on base; Topeka 3 - Otsego 5 |
TOP OF THE 9TH |
Topeka Tornados batting - Pitching for Otsego Bulldogs : RHP Matthew Scott
|
Pitching: RHP Kenshin Kubota
|
|
Batting: LHB Rusty Clinton
|
0-0: Called Strike 0-1: Called Strike 0-2: Ball 1-2: Ball 2-2: Ball 3-2: Foul Ball, location: 2F 3-2: Foul Ball, location: 2F 3-2: Base on Balls
|
Batting: RHB Desi Thompson
|
0-0: Ball 1-0: SINGLE (Groundball, 6) (infield hit) Rusty Clinton to second
|
Batting: RHB Ed Watkins
|
0-0: Bunt missed! 0-1: Bunted foul 0-2: Ball 1-2: Ball 2-2: Strikes out swinging
|
Batting: RHB Bob Hall
|
0-0: Called Strike 0-1: Swinging Strike 0-2: Strikes out swinging
|
Batting: LHB Yoshiaki Ohayashi
|
0-0: Foul Ball, location: 2F 0-1: Foul Ball, location: 2F 0-2: Fly out, F8 (Flyball, 8RD)
|
Top of the 9th over - 0 run(s), 1 hit(s), 0 error(s), 2 left on base; Topeka 3 - Otsego 5 |
|